 Dungeon Crawl Stone Soup version 0.30-b1-2-g02819fbbbe (webtiles) character file.

Game seed: 5792858290501146295

2 nightchill the Shooter (level 1, -1/12 HPs)
             Began as a Tengu Hunter on Sept 16, 2023.
             Slain by a quokka (4 damage)
             ... on level 1 of the Dungeon.
             The game lasted 00:00:19 (80 turns).

nightchill the Shooter (Tengu Hunter)                 Turns: 80, Time: 00:00:20

Health: -1/12      AC:  3    Str: 11    XL:     1   Next: 40%
Magic:  2/2        EV: 12    Int:  9    God:
Gold:   11         SH:  0    Dex: 17    Spells: 0/0 levels left

rFire   . . .        a - +0 shortbow
rCold   . . .        (shield currently unavailable)
rNeg    . . .        c - +0 leather armour
rPois   .            (helmet restricted)
rElec   .            (no cloak)
rCorr   .            (no gloves)
SInv    .            (boots unavailable)
Will    .....        (no amulet)
Stlth   ++           (no ring)
HPRegen 0.22/turn    (no ring)
MPRegen 0.08/turn

%: no passive effects
@: no status effects
A: beak, talons 3
a: no special abilities


You were on level 1 of the Dungeon.
You visited 1 branch of the dungeon, and saw 1 of its levels.

You collected 11 gold pieces.

Inventory:

Hand Weapons
 a - a +0 shortbow (weapon)
Armour
 c - a +0 leather armour (worn)
Scrolls
 b - a scroll of immolation
 f - a scroll of teleportation {unknown}
Potions
 d - a potion of flight {unknown}
 e - 2 potions of heal wounds {unknown}
 g - a potion of ambrosia {unknown}
 h - a potion of mutation {unknown}


   Skills:
 + Level 2.0 Fighting
 * Level 4.5 Ranged Weapons
 - Level 2.1 Dodging
 - Level 1.0 Stealth


You couldn't memorise any spells.
You didn't know any spells.
Your spell library contained the following spells:

 Spells                   Type           Power      Damage    Failure   Level
 Call Canine Familiar     Summ           0%         N/A       85%         3
 Portal Projectile        Hex/Tloc       0%         N/A       85%         3
 Leda's Liquefaction      Hex/Erth       0%         N/A       99%         4


Dungeon Overview and Level Annotations

Branches:
Dungeon (1/15)

Altars:


Innate Abilities, Weirdness & Mutations

You have a beak for a mouth.
You have claws for feet.


Message History

You shoot an arrow. The arrow hits the endoplasm.
The endoplasm is moderately wounded.
The endoplasm barely misses you.
You shoot an arrow.
The arrow hits the endoplasm but does no damage.
The endoplasm is moderately wounded.
The endoplasm misses you.
You shoot an arrow. The arrow hits the endoplasm.
You kill the endoplasm!
You shoot an arrow. The arrow closely misses the quokka.
The quokka bites you. The quokka barely misses you.
You shoot an arrow. The arrow hits the quokka.
The quokka is severely wounded.
The quokka bites you. x2
* * * LOW HITPOINT WARNING * * *
The quokka attacks as you move away! The quokka barely misses you.
The quokka attacks as you move away! The quokka closely misses you.
The quokka bites you.
* * * LOW HITPOINT WARNING * * *
You are too injured to fight recklessly!
You are too injured to fight recklessly!
You are too injured to fight recklessly!
You are too injured to fight recklessly!
You are too injured to fight recklessly!
You shoot an arrow. The arrow closely misses the quokka.
The quokka barely misses you.
You shoot an arrow.
The arrow hits the quokka but does no damage.
The quokka is heavily wounded.
The quokka closely misses you. The quokka bites you.
* * * LOW HITPOINT WARNING * * *
You shoot an arrow. The arrow misses the quokka.
The quokka misses you. The quokka closely misses you.
You shoot an arrow. The arrow closely misses the quokka.
The quokka barely misses you.
You shoot an arrow.
The arrow hits the quokka but does no damage.
The quokka is heavily wounded.
The quokka misses you. The quokka bites you.
You die...

♣...÷÷..................♣
♣♣...÷..............÷÷...♣♣
♣...8..8...[.......8..8...♣
♣............<............♣
♣...8..8...........8..8...♣
♣♣..................÷....♣♣
♣....÷..............÷...♣
♣..8..8...........8..8..♣
♣..........@............♣
############r############
.................#
############.###.# .# ..
..# ..# .##


You could see a quokka.

Vanquished Creatures
  An endoplasm (D:1)
  A giant cockroach (D:1)
2 creatures vanquished.

Notes
Turn   | Place    | Note
-------+----------+-------------------------------------------
     0 | D:1      | nightchill the Tengu Hunter began the quest for the Orb.
     0 | D:1      | Reached XP level 1. HP: 12/12 MP: 2/2
    80 | D:1      | Slain by a quokka

Illustrated notes

Levels and vault maps discovered:
D:1:      giann_forest_graveyard, layout_basic, minivault_4

Action                     || total
---------------------------++-------
   Fire: Shortbow          ||    13
  Dodge: Dodged            ||    11
